 Dungeon Crawl Stone Soup version 0.27.1-34-g3ba077fa99 (webtiles) character file.

Game seed: 3748996598444847316

1523 Delamore the Covert (level 8, -2/31 HPs)
             Began as a Felid Venom Mage on Jan 21, 2022.
             Was an Initiate of Gozag.
             Slain by a gnoll shaman (11 damage)
             ... in a bailey.
             The game lasted 00:25:54 (15142 turns).

Delamore the Covert (Felid Venom Mage)             Turns: 15142, Time: 00:25:54

Health: -2/31      AC:  2    Str:  4    XL:     8   Next: 54%
Magic:  5/16       EV: 34    Int: 17    God:    Gozag
Gold:   489        SH:  0    Dex: 18    Spells: 9/17 levels left
                                        Lives:  0   Deaths: 2

rFire    . . .     SeeInvis +   (weapon unavailable)
rCold    . . .     Faith    .   (shield unavailable)
rNeg     . . .     Spirit   .   (armour unavailable)
rPois    .         Reflect  .   (helmet unavailable)
rElec    .         Harm     .   (cloak unavailable)
rCorr    .         Rampage  .   (gloves unavailable)
Will     +....                  (boots unavailable)
Stlth    +++++.....             o - amulet of the acrobat
HPRegen  0.10/turn              (no ring)
MPRegen  0.15/turn              (no ring)

@: acrobatic, flying, quick
A: very small, claws 1, fangs 3, see invisible, speed 1, shaggy fur 2, stealthy
paws, no weapons or thrown items, no armour, multi-lived
a: Renounce Religion, Potion Petition, Call Merchant, Bribe Branch


You were in a bailey.
You worshipped Gozag.
Gozag was aware of your devotion.
You visited 1 branch of the dungeon, and saw 7 of its levels.
You also visited: Bailey.

You collected 1075 gold pieces.
You paid 586 gold pieces to Gozag.

Inventory:

Jewellery
 g - an amulet of reflection
 o - an amulet of the acrobat (around neck)
 q - a +4 ring of protection
Wands
 p - a wand of digging (6)
Scrolls
 a - a scroll of noise
 c - a scroll of enchant armour
 e - a scroll of summoning
 j - a scroll of fog
 k - 2 scrolls of blinking
 m - 2 scrolls of silence
 n - 2 scrolls of teleportation
 r - a scroll of magic mapping {unknown}
Potions
 b - 2 potions of lignification
 d - a potion of mutation
 f - a potion of invisibility {unknown}
 h - a potion of flight
 i - 4 potions of curing {unknown}
 l - a potion of attraction {unknown}
 s - a potion of haste {unknown}
 t - 3 potions of might {unknown}


   Skills:
 - Level 5.0 Dodging
 - Level 10.0 Stealth
 - Level 5.0 Spellcasting
 - Level 1.1 Transmutations
 + Level 3.0 Fire Magic
 + Level 5.3 Poison Magic
 + Level 4.4 Evocations


You had 9 spell levels left.
You knew the following spells:

 Your Spells              Type           Power      Damage    Failure   Level
a - Sting                 Tmut/Pois      60%        1d6       3%          1
b - Poisonous Vapours     Pois/Air       26%        N/A       8%          2
c - Fireball              Conj/Fire      4%         3d4       91%         5

Your spell library contained the following spells:

 Spells                   Type           Power      Damage    Failure   Level
 Ignite Poison            Fire/Tmut/Pois 14%        N/A       12%         3
 Olgreb's Toxic Radiance  Pois           22%        N/A       16%         4
 Mephitic Cloud           Conj/Pois/Air  10%        N/A       21%         3
 Conjure Flame            Conj/Fire      9%         6-21      22%         3
 Sticky Flame             Conj/Fire      9%         2d3       58%         4
 Starburst                Conj/Fire      4%         6d4       100%        6
 Ignition                 Fire           7%         3d4       100%        8
 Chain Lightning          Conj/Air       2%         3d2       100%        9
 Fire Storm               Conj/Fire      4%         8d1       100%        9


Dungeon Overview and Level Annotations

Branches:
Dungeon (7/15)             Temple (0/1) D:4          Bailey (1/1)

Altars:
Elyvilon
Gozag
Makhleb
Nemelex Xobeh
Qazlal
Ru
Yredelemnul
Zin
The Shining One

Shops:
D:3 *   D:6 :

Annotations:
D:4 Natasha


Innate Abilities, Weirdness & Mutations

You have sharp claws.
You have razor-sharp teeth.
You have supernaturally acute eyesight. (SInv)
You cover ground quickly. (Speed+)
You are covered in thick fur. (AC +2)
Your paws help you pounce on unaware monsters.
You are incapable of wielding weapons or throwing items.
You cannot wear armour.
You gain extra lives every three experience levels.


Message History

A gnoll sergeant is nearby!
The gnoll shaman invokes the aid of its god against you.
You resist with almost no effort.
The gnoll shaman utters an invocation to its god.
The gnoll shaman is healed somewhat.
The gnoll shaman misses you.
Casting: Sting (safe; 3% risk of failure)
Confirm with . or Enter, or press ? or * to list all spells.
Aiming: Sting (safe; 3% risk of failure)
Press: ? - help, Shift-Dir - straight line, f/p - gnoll shaman
Aim: a gnoll shaman, wielding a +0 trident and wearing a +0 scale mail (heavily wounded, 81% to hit)
The sting hits the gnoll shaman but does no damage.
The gnoll shaman is poisoned.
The gnoll shaman is heavily wounded.
The gnoll shaman closely misses you.
Casting: Sting (safe; 3% risk of failure)
Confirm with . or Enter, or press ? or * to list all spells.
Aiming: Sting (safe; 3% risk of failure)
Press: ? - help, Shift-Dir - straight line, f/p - gnoll shaman
Aim: a gnoll shaman, wielding a +0 trident and wearing a +0 scale mail (heavily wounded, poisoned, 81% to hit)
The sting hits the gnoll shaman.
The gnoll shaman looks even sicker.
The gnoll shaman is heavily wounded.
The gnoll shaman mumbles some strange prayers to its god against you.
You resist with almost no effort. The gnoll shaman completely misses you.
You barely miss the gnoll shaman.
The gnoll shaman is severely wounded.
The gnoll shaman misses you.
Casting: Sting (safe; 3% risk of failure)
Confirm with . or Enter, or press ? or * to list all spells.
Aiming: Sting (safe; 3% risk of failure)
Press: ? - help, Shift-Dir - straight line, f/p - gnoll shaman
Aim: a gnoll shaman, wielding a +0 trident and wearing a +0 scale mail (severely wounded, very poisoned, 81% to hit)
The sting hits the gnoll shaman but does no damage.
The gnoll shaman looks even sicker.
The gnoll shaman is severely wounded.
The gnoll shaman barely misses you.
The gnoll shaman hits you with a +0 trident!
You die...
Your body crumbles into a pile of gold.

♣♣♣♣♣♣♣♣♣♣♣♣♣♣♣♣♣♣♣♣♣
♣♣≈≈≈@≈≈≈≈≈≈≈≈≈≈≈≈≈≈≈≈
♣♣≈≈..g#############...
♣.≈..### 8. #...8.##..
♣♣.≈..#$ g...#......##.
♣♣..≈..# ..g.'.......#g
♣...≈..# g.#####.....#.
♣...≈..# ##...##....#.
♣♣...≈.g######.....###'##.
#♣♣♣.......'...#...$...#.....


You could see a gnoll shaman (very poisoned).

Vanquished Creatures
  An orc warrior (D:5)
  2 black bears
  A necrophage (D:4)
  2 ogres (D:4)
  A centaur (D:5)
  A phantom (D:6)
  Blork the orc (D:6)
  4 gnoll sergeants (Bailey)
  A scorpion (D:6)
  A water moccasin skeleton (D:6)
  A wight (D:4)
  A bullfrog zombie (D:6)
  3 orc priests
  A centaur skeleton (D:5)
  3 hounds
  3 iguanas
  5 gnoll shamans (Bailey)
  2 orc wizards
  Natasha (D:4)
  A howler monkey zombie (D:5)
  Robin (D:2)
  5 adders
  14 gnolls (Bailey)
  2 ufetubi
  2 adder skeletons
  A worm (D:3)
  15 orcs
  3 ball pythons
  6 bats
  4 endoplasms
  3 giant cockroaches
  21 goblins
  12 hobgoblins
  5 quokkas
  4 frilled lizards
  6 kobolds
  6 rats
146 creatures vanquished.

Vanquished Creatures (others)
  A fungus (D:6)
  3 toadstools (D:6)
4 creatures vanquished.

Grand Total: 150 creatures vanquished

Notes
Turn   | Place    | Note
-------+----------+-------------------------------------------
     0 | D:1      | Delamore the Felid Venom Mage began the quest for the Orb.
     0 | D:1      | Reached XP level 1. HP: 7/7 MP: 4/4
   221 | D:1      | Reached skill level 3 in Stealth
  1002 | D:1      | Reached XP level 2. HP: 11/11 MP: 6/6
  1821 | D:1      | Found a faded altar of an unknown god.
  2112 | D:1      | Became a worshipper of Gozag Ym Sagoz the Greedy
  2416 | D:2      | Reached skill level 4 in Stealth
  2466 | D:2      | Noticed Robin
  2482 | D:2      | Reached XP level 3. HP: 14/14 MP: 4/7
  2521 | D:2      | Killed Robin
  4046 | D:2      | Found a burning altar of Makhleb.
  4216 | D:3      | Learned a level 2 spell: Poisonous Vapours
  4485 | D:3      | Reached XP level 4. HP: 15/18 MP: 4/8
  4625 | D:3      | Found Zin's Purification Station.
  4625 | D:3      | Found a glowing silver altar of Zin.
  4852 | D:3      | Reached skill level 5 in Stealth
  5293 | D:3      | Killed from afar by an orc priest
  5294 | D:3      | Reached XP level 3. HP: -5/14 MP: 8/8
  5460 | D:3      | Reached XP level 4. HP: 2/18 MP: 1/9
  5790 | D:3      | Found a stormy altar of Qazlal.
  6007 | D:4      | Noticed an ogre
  6031 | D:4      | Killed an ogre
  6032 | D:4      | Reached skill level 6 in Stealth
  6032 | D:4      | Reached XP level 5. HP: 21/21 MP: 6/10
  6103 | D:4      | Noticed a black bear
  6136 | D:4      | Killed a black bear
  6338 | D:4      | Reached skill level 7 in Stealth
  6455 | D:4      | Noticed an ogre
  6456 | D:4      | Noticed a necrophage
  6507 | D:4      | Killed an ogre
  6508 | D:4      | Reached skill level 5 in Dodging
  6508 | D:4      | Gained mutation: You are covered in thick fur. (AC +2)
                  | [Felid growth]
  6508 | D:4      | Reached XP level 6. HP: 24/24 MP: 2/12
  7767 | D:4      | Reached skill level 8 in Stealth
  7781 | D:5      | Entered Level 5 of the Dungeon
  7781 | D:5      | Noticed an orc warrior
  8272 | D:4      | Found a staircase to the Ecumenical Temple.
  8893 | D:5      | HP: 1/22 [orc priest/divine providence (8)]
  9382 | D:5      | Killed an orc warrior
  9383 | D:5      | Reached XP level 7. HP: 26/27 MP: 2/14
  9688 | D:4      | Reached skill level 9 in Stealth
 10561 | D:5      | Found a sacrificial altar of Ru.
 10566 | D:5      | Found a basalt altar of Yredelemnul.
 10566 | D:5      | Found a white marble altar of Elyvilon.
 10577 | D:5      | Found a sparkling altar of Nemelex Xobeh.
 10580 | D:5      | Found a glowing golden altar of the Shining One.
 11023 | D:4      | Noticed Natasha
 11033 | D:4      | Killed Natasha
 11120 | D:4      | Noticed Natasha
 11127 | D:4      | Killed from afar by Natasha
 11128 | D:4      | Reached XP level 6. HP: -2/24 MP: 9/13
 11174 | D:6      | Reached skill level 1 in Evocations
 11174 | D:6      | Reached XP level 7. HP: 13/27 MP: 8/15
 11340 | D:6      | Reached skill level 10 in Stealth
 11900 | D:6      | Reached skill level 5 in Spellcasting
 12127 | D:6      | Learned a level 5 spell: Fireball
 12430 | D:6      | Found an opulent altar of Gozag.
 12801 | D:6      | Noticed Blork the orc
 12832 | D:6      | Killed Blork the orc
 12833 | D:6      | Reached skill level 1 in Fire Magic
 13147 | D:7      | Found a flagged portal.
 13208 | Bailey   | Entered a bailey
 13232 | Bailey   | Reached XP level 8. HP: 12/31 MP: 3/16
 14504 | Bailey   | Reached skill level 5 in Poison Magic
 15142 | Bailey   | Slain by a gnoll shaman

Illustrated notes

Levels and vault maps discovered:
D:1:      eino_arrival_cavern_e, layout_basic,
          shapermc_ecumenical_altar_acropolis
D:2:      layout_basic, basic_altar, uniq_robin
D:3:      layout_basic, nicolae_qazlal_eye_of_the_storm, zin_purify,
          roderic_serpentine_path
D:4:      layout_loops_ring, temple_pool_b, portal_sewer_entry_d,
          minmay_misc_feat_columns, uniq_natasha
D:5:      layout_rooms, minmay_overflow_temple_star_hex,
          kennysheep_generic_room_13
D:6:      layout_basic, grunt_gozag_breadcrumbs, minmay_gold_behind_fungi,
          uniq_blork_the_orc
D:7:      layout_basic, mainiacjoe_overflow_catwalk, enter_bailey_4,
          kennysheep_generic_room_4, uniq_harold, uniq_pikel,
          uniq_prince_ribbit1, uniq_maggie
Bailey:   bailey_polearm_gnolls_kennysheep, bailey

Skill      XL: |  1  2  3  4  5  6  7  8 |
---------------+-------------------------+-----
Stealth        | 3 4 6 7 8 10 | 10.0
Dodging        | 3 4 5 |  5.0
Spellcasting   | 3 4 5 |  5.0
Poison Magic   | 3 4 5 |  5.3
Evocations     | 1 3 4 |  4.4
Fire Magic     | 1 3 |  3.0
Transmutations | |  1.1

Action                   |  1- 3 |  4- 6 |  7- 9 || total
-------------------------+-------+-------+-------++-------
Melee: Unarmed           |    98 |   139 |    98 ||   335
       Bite              |     7 |    18 |     6 ||    31
 Cast: Sting             |    58 |    53 |   126 ||   237
       Poisonous Vapours |     9 |    31 |    89 ||   129
Invok: Call Merchant     |       |       |     1 ||     1
       Potion Petition   |       |       |     1 ||     1
Evoke: Wand              |       |       |    18 ||    18
  Use: Scroll            |     3 |     7 |     1 ||    11
       Potion            |       |       |     1 ||     1
 Stab: Sleeping          |     4 |     7 |     2 ||    13
Armor: Skin              |     6 |    11 |    10 ||    27
Dodge: Dodged            |    84 |   138 |   170 ||   392
